 Dungeon Crawl Stone Soup version 0.23.1 (webtiles) character file.

Game seed: 0

115738 KamiKatze the Markscentaur (level 16, -2/135 HPs)
             Began as a Centaur Hunter on Mar 12, 2019.
             Was the Champion of Okawaru.
             Slain by a shock serpent (7 damage)
             ... on level 1 of the Snake Pit on Mar 14, 2019.
             The game lasted 03:14:58 (39354 turns).

KamiKatze the Markscentaur (Centaur Hunter)        Turns: 39354, Time: 03:14:59

Health: -2/135     AC: 27    Str: 23    XL:     16   Next: 19%
Magic:  24/24      EV: 11    Int: 10    God:    Okawaru [******]
Gold:   1685       SH:  2    Dex: 14    Spells: 20/25 levels left

rFire    + . .     SeeInvis +   b - +5 halberd "Oqawugg" {freeze, rPois Str+2}
rCold    . . .     Gourm    .   (shield currently unavailable)
rNeg     . . .     Faith    .   u - +5 ring mail "Qosecydd" {MR+}
rPois    +         Spirit   .   h - +0 helmet {SInv}
rElec    .         Reflect  +   s - +2 cloak {MR+}
rCorr    .         Harm     .   W - +0 pair of gloves
MR       +++..                  j - +2 centaur barding {rF+}
Stlth    ..........             A - +2 amulet of reflection
HPRegen  0.32/turn              D - ring of poison resistance
MPRegen  0.19/turn              V - +3 ring of dexterity

@: very quick
A: large, hooves 3, iridescent scales 1, deformed body, speed 2, tough skin 3,
no potion heal 1
a: Heroism, Finesse, Renounce Religion


You were on level 1 of the Snake Pit.
You worshipped Okawaru.
Okawaru was exalted by your worship.
You were not hungry.

You visited 5 branches of the dungeon, and saw 26 of its levels.

You collected 2777 gold pieces.
You spent 1092 gold pieces at shops.

Inventory:

Hand Weapons
 a - a +4 shortbow of freezing
 b - the +5 halberd "Oqawugg" (weapon) {freeze, rPois Str+2}
   (Okawaru gifted it to you on level 1 of the Lair of Beasts)

   It has been specially enchanted to freeze those struck by it, causing extra
   injury to most foes and up to half again as much damage against particularly
   susceptible opponents.
   It can also slow down cold-blooded creatures.
   It affects your strength (+2).
   It protects you from poison.
 q - a +0 hand crossbow
 w - a +3 glaive of venom
 E - a +0 longbow of flaming
 T - a +1 arbalest of velocity
Missiles
 d - 574 arrows
 I - 252 bolts
 X - a throwing net (quivered)
Armour
 h - a +0 helmet of see invisible (worn)
 j - a +2 centaur barding of fire resistance (worn)
 s - a +2 cloak of magic resistance (worn)
 u - the +5 ring mail "Qosecydd" (worn) {MR+}
   (You took it off a gnoll on level 4 of the Dungeon)

   It affects your resistance to hostile enchantments.
 W - a +0 pair of gloves (worn)
Jewellery
 e - an uncursed ring of fire
 n - an uncursed ring of protection from cold
 v - an uncursed ring of protection from magic
 A - a +2 amulet of reflection (around neck)
 D - a ring of poison resistance (left hand)
 V - a +3 ring of dexterity (right hand)
Wands
 r - a wand of clouds (12)
 y - a wand of iceblast (12)
 G - a wand of acid (44)
 K - a wand of paralysis (19)
 N - a wand of polymorph (40)
 R - a wand of disintegration (20)
 S - a wand of enslavement (8)
 Y - a wand of digging (10)
 Z - a wand of flame (20)
Scrolls
 i - 4 scrolls of teleportation
 t - 5 scrolls of fear
 B - 3 scrolls of amnesia
 F - 3 scrolls of identify
 J - 8 scrolls of remove curse
 Q - 3 scrolls of magic mapping
 U - 3 scrolls of fog
Potions
 c - 4 potions of lignification
 g - 2 potions of heal wounds
 k - 2 potions of cancellation
 l - 5 potions of haste
 o - a potion of resistance
 p - 7 potions of curing
 x - 9 potions of agility
 z - 7 potions of brilliance
 C - a potion of flight
 H - a potion of berserk rage
 M - 2 potions of might
 O - 3 potions of mutation
 P - a potion of ambrosia
Comestibles
 f - 46 rations


   Skills:
 + Level 10.3 Fighting
 + Level 8.4 Polearms
 * Level 17.5 Bows
 * Level 3.6 Crossbows
 + Level 7.6 Armour
 + Level 8.0 Dodging
 - Level 0.4 Stealth
 - Level 5.0 Spellcasting
 - Level 7.0 Charms
 - Level 6.9 Necromancy
 - Level 5.6 Translocations
 - Level 11.1 Invocations
 - Level 3.1 Evocations


You had 20 spell levels left.
You knew the following spells:

 Your Spells              Type           Power        Failure   Level  Hunger
a - Apportation           Tloc           ##....       3%          1    None
b - Animate Skeleton      Necr           N/A          1%          1    None
r - Regeneration          Chrm/Necr      ###.......   5%          3    ###....

Your spell library contained the following spells:

 Spells                   Type           Power        Failure   Level  Hunger
 Pain                     Necr           ###.         1%          1    None
 Vampiric Draining        Necr           ###.......   6%          3    ###....
 Lesser Beckoning         Tloc           ##........   10%         3    ###....
 Swiftness                Chrm/Air       #.......     12%         2    ##.....
 Animate Dead             Necr           N/A          19%         4    ####...
 Confusing Touch          Hex            #.....       32%         1    None
 Corona                   Hex            #......      32%         1    None
 Magic Dart               Conj           #...         32%         1    None
 Shock                    Conj/Air       #...         32%         1    None
 Summon Butterflies       Summ           #.......     32%         1    None
 Summon Small Mammal      Summ           #...         32%         1    None
 Portal Projectile        Hex/Tloc       #.....       32%         3    ###....
 Recall                   Summ/Tloc      N/A          32%         3    ###....
 Searing Ray              Conj           #.....       45%         2    ##.....
 Slow                     Hex            #.......     45%         2    ##.....
 Dazzling Spray           Conj/Hex       #.....       69%         3    ###....
 Inner Flame              Hex/Fire       #.......     69%         3    ###....
 Static Discharge         Conj/Air       #.......     69%         3    ###....
 Tukima's Dance           Hex            #.......     69%         3    ###....
 Force Lance              Conj/Tloc      #.......     71%         4    ####...
 Borgnjor's Vile Clutch   Necr/Erth      #.........   92%         5    ######.
 Death Channel            Necr           ###.......   96%         6    #######
 Airstrike                Air            #.........   97%         4    ####...
 Cause Fear               Hex            #.........   97%         4    ####...
 Fulminant Prism          Conj/Hex       #.........   97%         4    ####...
 Iskenderun's Mystic Bla  Conj           #.......     97%         4    ####...
 Leda's Liquefaction      Hex/Erth       #.........   97%         4    ####...
 Alistair's Intoxication  Tmut/Pois      #.......     100%        5    ######.
 Lightning Bolt           Conj/Air       #.........   100%        5    ######.
 Invisibility             Hex            #.......     100%        6    #######
 Simulacrum               Ice/Necr       #.........   100%        6    #######
 Ignition                 Fire           #.........   100%        8    #######
 Shatter                  Erth           #.........   100%        9    #######
 Tornado                  Air            #.........   100%        9    #######


Dungeon Overview and Level Annotations

Branches:
Dungeon (15/15)            Temple (1/1) D:5            Lair (6/6) D:10
 Shoals (0/4) Lair:4        Snake (2/4) Lair:2        Slime (0/5) Lair:6
    Orc (2/2) D:10            Elf (0/3) Orc:2        Vaults (0/5) D:13
 Depths (0/5) D:15

Altars:
Ashenzari
Cheibriados
Dithmenos
Elyvilon
Fedhas
Gozag
Hepliaklqana
Kikubaaqudgha
Makhleb
Nemelex Xobeh
Okawaru
Qazlal
Ru
Sif Muna
Trog
Uskayaw
Vehumet
Wu Jian
Xom
Yredelemnul
Zin
The Shining One
Beogh
Jiyva

Shops:
D:10 %   D:12 }   Orc:2 [([}   Snake:1 !!

Portals:
Trove: D:13 (give +3 fire dragon scales)

Annotations:
D:10 2 runed translucent doors, THEFOAD's ghost, journeyman HaFi
Orc:2 3 runed translucent doors, Esekla's ghost, journeyman TeWn


Innate Abilities, Weirdness & Mutations

You have hooves in place of feet.
Armour fits poorly on your strangely shaped body.
You cover ground very quickly.
You have extremely tough skin. (AC +3)
You are partially covered in iridescent scales. (AC +2)
Potions are less effective at restoring your health.


Message History

The bolt of electricity hits you!! The bolt of electricity hits you!
The bolt of electricity hits the shock serpent.
The shock serpent completely resists.
The black mamba barely misses you.
You closely miss the shock serpent.
The shock serpent is moderately wounded.
The shock serpent is no longer moving slowly.
The black mamba bites you!
* * * LOW HITPOINT WARNING * * *
The shock serpent bites you but does no damage.
You barely miss the shock serpent. You kick the shock serpent!
The shock serpent is heavily wounded.
The shock serpent's electric aura discharges, shocking you!
The shock serpent bites you.
* * * LOW HITPOINT WARNING * * *
The shock serpent shocks you!
* * * LOW HITPOINT WARNING * * *
The black mamba bites you!
* * * LOW HITPOINT WARNING * * *
The shock serpent bites you!
You die...

####.....###.##.#....##
####.###
##.........####.......# #.#
# ....#####.)..##.......##
#.#
[#.##...##.#..##.......#
#.#
##.........##..#.......#
#.#
#...8...8...#..#..##...###
#.#
#.....>.....#..'..##.....##
#.#
#...8[..8...#..###...[....#
#†#
##.........##[.#@S.#.#....#
#.#
.#.##...##.#..##S###......#
#.# ....#####....##.##
###....###.#
##.........###.##
##.......# ###.....###...#
##.....#### ###.####....#
###....... #...###...##
#....... #...#...###
##.#...# ###...### #......


You could see a shock serpent and a black mamba.

Vanquished Creatures
  Jorgrun (D:14)
  Rupert (D:13)
  Gastronok (D:8)
  An orc warlord (Orc:2)
  An emperor scorpion (D:15)
  An ironheart preserver (D:13)
  A dire elephant (D:15)
  Josephine (D:11)
  A fire dragon (Lair:6)
  3 naga warriors (Snake:1)
  9 hydras
  3 two-headed ogres
  A centaur warrior (D:14)
  4 anacondas
  10 death yaks
  3 orc high priests (Orc:2)
  2 shock serpents
  5 naga sharpshooters (Snake:1)
  Nergalle (D:11)
  A fire crab (Lair:6)
  7 skeletal warriors
  3 unseen horrors
  A naga ritualist (Snake:1)
  2 wolf spider zombies
  Pikel (D:5)
  4 orc knights
  2 mana vipers
  3 orc sorcerers
  20 ugly things
  A manticore (D:14)
  A deep elf mage (D:13)
  2 oklob plants (Lair:3)
  2 salamanders (Snake:1)
  3 cyclopes
  An elephant (D:10)
  Maurice (D:13)
  Joseph (Lair:1)
  2 molten gargoyles (Lair:6)
  15 black mambas
  5 naga magi
  4 gargoyles
  11 spiny frogs
  2 kobold demonologists
  A rime drake (Lair:1)
  7 komodo dragons
  6 polar bears
  8 trolls
  A merfolk (D:15)
  Prince Ribbit (D:4)
  6 dream sheep
  23 blink frogs
  11 hippogriffs
  Sigmund (D:5)
  4 wyverns
  A vampire (D:12)
  5 wraiths
  6 basilisks
  A fire elemental (Lair:6)
  31 yaks
  3 steam dragons
  Eustachio (D:5)
  5 humans (D:7)
  A hungry ghost (D:11)
  6 vampire mosquitoes
  16 nagas
  2 wargs (Orc:1)
  Duvessa (D:5)
  2 acid dragons (D:15)
  2 hell hounds (Lair:6)
  A soldier ant (D:13)
  10 water moccasins
  A hornet zombie (D:13)
  8 porcupines
  10 black bears
  41 orc warriors
  2 sky beasts
  4 necrophages (Lair:3)
  7 ice beasts
  An eye of draining (D:10)
  2 boggarts (D:15)
  3 phantoms
  16 centaurs
  14 ogres
  7 crocodiles
  3 wolves (Lair:6)
  6 big kobolds
  13 bullfrogs
  A gnoll sergeant (D:10)
  A wyvern skeleton (D:11)
  Dowan (D:6)
  5 scorpions
  5 wights (D:8)
  3 killer bees
  3 howler monkeys
  4 electric eels
  5 lava snakes (Lair:6)
  3 centaur zombies
  8 crimson imps
  A quasit (D:11)
  5 jellies
  4 bullfrog skeletons
  3 centaur skeletons
  A gnoll shaman (D:4)
  11 orc priests
  6 hounds
  33 orc wizards
  3 iguanas
  Ijyb (D:3)
  11 worker ants
  A hound zombie (D:7)
  A hound skeleton (D:10)
  A mummy (D:7)
  2 worker ant zombies
  9 adders
  11 gnolls
  2 howler monkey skeletons
  A shadow imp (D:9)
  6 adder skeletons
  3 adder zombies
  4 worms
  5 dart slugs
  6 leopard geckos
  98 orcs
  3 giant cockroaches
  9 goblins
  7 hobgoblins
  22 jackals
  5 quokkas
  A ball python (D:4)
  A ball python skeleton (D:5)
  8 bats
  3 frilled lizards
  22 kobolds
  A leopard gecko skeleton (D:5)
  A leopard gecko zombie (D:5)
  A quokka skeleton (D:7)
  7 rats
  3 fungi
808 creatures vanquished.

Vanquished Creatures (collateral kills)
  A molten gargoyle (Lair:6)
  2 komodo dragons (Lair:6)
  2 wyverns (Lair:6)
  A hell hound (Lair:6)
6 creatures vanquished.

Vanquished Creatures (others)
  A naga sharpshooter (Snake:1)
  A slave (D:6)
  An ogre (D:6)
  A boggart (D:15)
  A centaur (D:15)
  A hound (D:6)
  An orc wizard (D:9)
  A worker ant zombie (D:6)
  A shadow imp (D:6)
  4 orcs
  13 fungi
  12 plants
  4 toadstools (D:5)
42 creatures vanquished.

Grand Total: 856 creatures vanquished

Notes
Turn   | Place    | Note
-------+----------+-------------------------------------------
     0 | D:1      | KamiKatze the Centaur Hunter began the quest for the Orb.
     0 | D:1      | Reached XP level 1. HP: 17/17 MP: 1/1
   149 | D:1      | Reached XP level 2. HP: 7/24 MP: 2/2
   862 | D:2      | Reached skill level 6 in Bows
   915 | D:2      | Reached XP level 3. HP: 23/30 MP: 3/3
  1610 | D:2      | Reached XP level 4. HP: 36/37 MP: 4/4
  2120 | D:3      | Gained mutation: Potions are less effective at restoring
                  | your health. [potion of mutation]
  2120 | D:3      | Gained mutation: You are partially covered in iridescent
                  | scales. (AC +2) [potion of mutation]
  2120 | D:3      | HP: 1/38 [poisoned by an adder]
  2331 | D:3      | Reached skill level 7 in Bows
  2497 | D:3      | Found a snail-covered altar of Cheibriados.
  2677 | D:3      | Reached XP level 5. HP: 24/45 MP: 5/5
  2801 | D:3      | Found a faded altar of an unknown god.
  2941 | D:3      | Found a shadowy altar of Dithmenos.
  2974 | D:4      | Found a shimmering altar of Xom.
  3106 | D:4      | Noticed Ijyb
  3178 | D:3      | Killed Ijyb
  3468 | D:4      | Reached skill level 1 in Armour
  3468 | D:4      | Reached XP level 6. HP: 51/51 MP: 6/6
  3547 | D:4      | Identified the +5 ring mail "Qosecydd" {MR+}
  3816 | D:4      | Reached skill level 8 in Bows
  4536 | D:3      | Reached XP level 7. HP: 53/58 MP: 7/7
  4878 | D:5      | Entered Level 5 of the Dungeon
  4952 | D:4      | Reached skill level 1 in Evocations
  4969 | D:5      | Noticed Prince Ribbit
  5041 | D:5      | Reached skill level 9 in Bows
  5390 | D:5      | Noticed Sigmund
  5410 | D:5      | Killed Sigmund
  5410 | D:5      | Reached XP level 8. HP: 38/67 MP: 9/9
  5423 | D:5      | Found a white marble altar of Elyvilon.
  5453 | D:5      | Found a glowing golden altar of the Shining One.
  5615 | D:5      | Noticed Eustachio
  5812 | D:4      | Killed Prince Ribbit
  6046 | D:5      | Killed Eustachio
  6046 | D:5      | Reached skill level 1 in Polearms
  6113 | D:5      | Found a staircase to the Ecumenical Temple.
  6119 | Temple   | Entered the Ecumenical Temple
  6170 | Temple   | Became a worshipper of Warmaster Okawaru
  6269 | D:6      | Noticed Pikel
  6375 | D:5      | Killed Pikel
  6375 | D:5      | Reached * piety under Okawaru
  6375 | D:5      | Reached skill level 5 in Fighting
  6375 | D:5      | Reached skill level 10 in Bows
  6458 | D:6      | Reached XP level 9. HP: 42/74 MP: 11/11
  6584 | D:6      | Found a hazy altar of Hepliaklqana.
  6638 | D:6      | Found an ornate altar of the Wu Jian Council.
  6714 | D:6      | Noticed Duvessa
  6714 | D:6      | Noticed Dowan
  6766 | D:6      | Killed Dowan
  6823 | D:5      | Killed Duvessa
  7081 | D:6      | Reached ** piety under Okawaru
  7228 | D:6      | Reached skill level 11 in Bows
  7728 | D:7      | Found a sand-covered staircase.
  8452 | D:8      | Reached *** piety under Okawaru
  8452 | D:8      | Reached skill level 12 in Bows
  8701 | D:8      | Reached XP level 10. HP: 45/83 MP: 12/12
  8915 | D:8      | Found a basalt altar of Yredelemnul.
  9132 | D:8      | Received a gift from Okawaru
  9347 | D:8      | Noticed Gastronok
  9508 | D:8      | Killed Gastronok
  9508 | D:8      | Reached **** piety under Okawaru
  9508 | D:8      | Received a gift from Okawaru
  9508 | D:8      | Reached ***** piety under Okawaru
  9508 | D:8      | Reached skill level 13 in Bows
  9508 | D:8      | Reached skill level 5 in Dodging
  9757 | D:8      | Learned a level 3 spell: Regeneration
 10105 | D:9      | Found a burning altar of Makhleb.
 10416 | D:9      | Reached skill level 1 in Invocations
 10484 | D:9      | Reached skill level 1 in Charms
 10484 | D:9      | Reached skill level 1 in Necromancy
 10641 | D:9      | Reached skill level 1 in Spellcasting
 10749 | D:10     | Entered Level 10 of the Dungeon
 11024 | D:10     | Found Ewnuy's Food Shoppe.
 11281 | D:10     | Reached XP level 11. HP: 71/92 MP: 13/13
 11797 | D:10     | Received a gift from Okawaru
 12629 | D:10     | Found a staircase to the Orcish Mines.
 12782 | D:9      | Received a gift from Okawaru
 12989 | D:10     | Reached skill level 5 in Polearms
 12989 | D:10     | Reached skill level 5 in Armour
 13042 | D:10     | Found a staircase to the Lair.
 13237 | D:10     | Found a runed translucent door.
 13239 | D:10     | Noticed a deep troll earth mage
 13239 | D:10     | Identified the +2 hunting sling of Ru's Scorn {flame, Str+4
                  | Int+4}
 13240 | D:10     | Noticed a necromancer
 13241 | D:10     | Noticed a yaktaur captain
 13245 | D:10     | Noticed THEFOAD's ghost (journeyman HaFi)
 13245 | D:10     | Noticed a skeletal warrior
 13246 | D:10     | Noticed a lich
 13247 | D:10     | Noticed a skeletal warrior
 13249 | D:10     | Found a runed translucent door.
 13544 | D:10     | Received a gift from Okawaru
 13673 | D:10     | Noticed a three-headed hydra
 13677 | D:10     | Killed a one-headed hydra
 13891 | Lair:1   | Entered Level 1 of the Lair of Beasts
 13952 | Lair:1   | Found a shimmering altar of Xom.
 14054 | Lair:1   | Noticed Joseph
 14070 | Lair:1   | Killed Joseph
 14234 | Lair:1   | Reached skill level 14 in Bows
 14421 | Lair:1   | Reached skill level 5 in Invocations
 14421 | Lair:1   | Reached XP level 12. HP: 48/101 MP: 15/15
 14558 | Lair:1   | Noticed a four-headed hydra
 14599 | Lair:1   | Killed a four-headed hydra
 14626 | Lair:1   | Learned a level 1 spell: Apportation
 14856 | Lair:1   | Found an ancient bone altar of Kikubaaqudgha.
 15191 | Lair:1   | Received a gift from Okawaru
 15199 | Lair:1   | Got a polished halberd {god gift}
 15200 | Lair:1   | Identified the +5 halberd "Oqawugg" {freeze, rPois Str+2}
                  | (Okawaru gifted it to you on level 1 of the Lair of Beasts)
 15931 | Lair:2   | Found a staircase to the Snake Pit.
 16563 | Lair:3   | Reached ****** piety under Okawaru
 16804 | Lair:3   | Received a gift from Okawaru
 16816 | Lair:3   | Got a translucent large shield {god gift}
 17489 | Lair:4   | Found a staircase to the Shoals.
 17533 | Lair:4   | Reached skill level 1 in Translocations
 17768 | Lair:4   | Reached skill level 15 in Bows
 17998 | Lair:4   | You fall through a shaft for 2 floors!
 17998 | Lair:6   | Entered Level 6 of the Lair of Beasts
 18314 | Lair:6   | Found a staircase to the Slime Pits.
 18315 | Lair:6   | Found a viscous altar of Jiyva.
 18330 | Lair:6   | Reached XP level 13. HP: 53/108 MP: 18/18
 18901 | Lair:5   | Got a translucent chain mail
 18962 | Lair:5   | Identified the +1 chain mail of Seorisau {*Drain Str+4
                  | Dex+4} (You found it on level 5 of the Lair of Beasts)
 20258 | Orc:1    | Entered Level 1 of the Orcish Mines
 20792 | D:11     | Received a gift from Okawaru
 20795 | D:11     | Got a transparent ring mail {god gift}
 20809 | D:11     | Identified the +2 ring mail "Ocoavagh" {+Inv rPois Dex+3}
                  | (Okawaru gifted it to you on level 11 of the Dungeon)
 21380 | Orc:1    | Found a roughly hewn altar of Beogh.
 21590 | Orc:2    | Entered Level 2 of the Orcish Mines
 22463 | Orc:2    | Found a staircase to the Elven Halls.
 22572 | Orc:2    | Found a roughly hewn altar of Beogh.
 22724 | Orc:2    | Found Oqoutima's Gadget Shoppe.
 22924 | Orc:2    | Found a roughly hewn altar of Beogh.
 23075 | Orc:2    | Found a roughly hewn altar of Beogh.
 23093 | Orc:2    | Found a roughly hewn altar of Beogh.
 23142 | Orc:2    | Found a runed translucent gate.
 23142 | Orc:2    | Found a runed translucent gate.
 23143 | Orc:2    | Found a runed translucent gate.
 23147 | Orc:2    | Noticed Esekla's ghost (journeyman TeWn)
 23305 | Orc:2    | Found a roughly hewn altar of Beogh.
 23391 | Orc:2    | Found a roughly hewn altar of Beogh.
 23492 | Orc:2    | Reached skill level 5 in Necromancy
 23525 | Orc:2    | Noticed an orc warlord
 23594 | Orc:2    | Killed an orc warlord
 23879 | Orc:2    | Reached skill level 16 in Bows
 23906 | Orc:2    | Found Axoqase's Antique Weapon Boutique.
 23908 | Orc:2    | Found a roughly hewn altar of Beogh.
 23953 | Orc:2    | Found Qeriar's Antique Armour Shop.
 24046 | Orc:2    | Found Meinn's Antique Armour Emporium.
 24433 | Orc:2    | Bought a shiny helmet for 165 gold pieces
 24498 | Orc:2    | Bought a shiny helmet for 202 gold pieces
 24498 | Orc:2    | Bought a glowing scale mail for 189 gold pieces
 25053 | D:11     | Reached skill level 5 in Charms
 25147 | D:11     | Received a gift from Okawaru
 25159 | D:11     | Reached XP level 14. HP: 75/118 MP: 20/20
 25171 | D:11     | Got a spiked hat {god gift}
 25182 | D:11     | Identified the +0 hat of Kisik {Int+2} (Okawaru gifted it
                  | to you on level 11 of the Dungeon)
 25246 | D:11     | Noticed Nergalle
 25390 | D:11     | Found a snail-covered altar of Cheibriados.
 25584 | D:11     | Killed Nergalle
 25847 | D:11     | Noticed Josephine
 26039 | D:11     | Killed Josephine
 26078 | D:11     | Learned a level 1 spell: Animate Skeleton
 26587 | D:12     | Found Xumibbuumu's Gadget Boutique.
 26595 | D:12     | Bought a wand of flame (21) for 161 gold pieces
 26898 | D:13     | Noticed an ironheart preserver
 26923 | D:13     | Killed an ironheart preserver
 26939 | D:13     | Found a gate to the Vaults.
 26995 | D:13     | You fall through a shaft!
 27558 | D:13     | Noticed Rupert
 27606 | D:13     | Received a gift from Okawaru
 27611 | D:13     | Killed Rupert
 27995 | D:13     | Found a portal to a secret trove of treasure.
 28040 | D:13     | Identified the +6 broad axe of Action {drain, Int+4}
 28111 | D:13     | Noticed Maurice
 28121 | D:13     | Killed Maurice
 28334 | D:14     | Noticed Jorgrun
 28365 | D:14     | Killed Jorgrun
 28477 | D:14     | Reached skill level 10 in Invocations
 29802 | D:14     | Reached XP level 15. HP: 81/125 MP: 22/22
 30031 | D:14     | Received a gift from Okawaru
 30336 | D:15     | Entered Level 15 of the Dungeon
 30505 | D:15     | Found a blossoming altar of Fedhas.
 31486 | D:15     | Reached skill level 17 in Bows
 32171 | D:15     | Found a staircase to the Depths.
 32657 | Lair:6   | Received a gift from Okawaru
 32788 | Lair:5   | Received a gift from Okawaru
 32956 | Lair:6   | Reached skill level 5 in Translocations
 33210 | Lair:6   | Received a gift from Okawaru
 33805 | Lair:6   | Found a large runed translucent door.
 33844 | Lair:6   | Reached skill level 10 in Fighting
 34229 | Lair:6   | Found a large runed translucent door.
 35433 | Snake:1  | Entered Level 1 of the Snake Pit
 36169 | Snake:1  | Reached skill level 1 in Crossbows
 36790 | Snake:1  | Received a gift from Okawaru
 36927 | Snake:1  | Reached XP level 16. HP: 25/134 MP: 24/24
 37261 | Snake:1  | Found Saliod's Distillery.
 37261 | Snake:1  | Found Geyhac's Distillery.
 37269 | Snake:1  | Bought a potion of heal wounds for 75 gold pieces
 37269 | Snake:1  | Bought a potion of haste for 150 gold pieces
 37269 | Snake:1  | Bought a potion of haste for 150 gold pieces
 38156 | Snake:1  | Reached skill level 5 in Spellcasting
 38167 | Snake:1  | HP: 6/134 [naga sharpshooter/bolt (5)]
 39354 | Snake:1  | HP: 5/135 [black mamba (8)]
 39354 | Snake:1  | Slain by a shock serpent

Skill      XL: |  1  2  3  4  5  6  7  8  9 10 11 12 13 14 15 16 |
---------------+-------------------------------------------------+-----
Bows           | 6 7 8 9 10 12 13 14 15 16 17 | 17.5
Dodging        | 2 3 4 5 6 7 8 |  8.0
Fighting       | 3 4 5 6 7 8 9 10 | 10.3
Armour         | 1 2 3 4 5 6 7 |  7.6
Evocations     | 2 3 |  3.1
Polearms       | 2 3 4 5 6 7 8 |  8.4
Invocations    | 1 5 7 8 10 11 | 11.1
Charms         | 1 2 4 5 6 7 |  7.0
Necromancy     | 1 2 4 5 6 |  6.9
Spellcasting   | 1 2 3 4 5 |  5.0
Translocations | 1 3 4 5 |  5.6
Crossbows      | 2 3 |  3.6
Stealth        | |  0.4

Action                   |  1- 3 |  4- 6 |  7- 9 | 10-12 | 13-15 | 16-18 || total
-------------------------+-------+-------+-------+-------+-------+-------++-------
Melee: Short sword       |   129 |   141 |       |       |       |       ||   270
       Kick              |    17 |    38 |    96 |   168 |   313 |    13 ||   645
       Trident           |       |   146 |   460 |   500 |       |       ||  1106
       Falchion          |       |       |       |     3 |       |       ||     3
       Halberd           |       |       |       |   179 |  1100 |    38 ||  1317
       Glaive            |       |       |       |       |     9 |     6 ||    15
 Fire: Shortbow          |     5 |    21 |    82 |   455 |  1210 |   107 ||  1880
       Hand crossbow     |       |       |       |       |     9 |       ||     9
       Longbow           |       |       |       |       |       |    11 ||    11
 Cast: Animate Skeleton  |       |       |       |       |     9 |       ||     9
       Regeneration      |       |       |       |       |     7 |     4 ||    11
Invok: Finesse           |       |       |       |       |       |     2 ||     2
Evoke: Wand              |       |       |       |       |     1 |       ||     1
  Use: Scroll            |       |     6 |    10 |     2 |    10 |     2 ||    30
       Potion            |       |     2 |       |       |     4 |     1 ||     7
 Stab: Sleeping          |       |       |       |     3 |     6 |       ||     9
       Distracted        |       |       |       |       |     3 |       ||     3
  Eat: Chunk             |     1 |     8 |     7 |    24 |    38 |     1 ||    79
       Ration            |       |       |     1 |       |     5 |     2 ||     8
Armor: Leather armour    |    32 |       |       |       |       |       ||    32
       Ring mail         |    13 |    46 |   290 |   401 |   737 |    41 ||  1528
       Chain mail        |       |    31 |       |       |       |       ||    31
       Scale mail        |       |    72 |       |       |       |       ||    72
Dodge: Dodged            |    62 |   117 |   240 |   335 |   613 |    36 ||  1403
Block: Other             |       |       |    29 |    50 |    73 |     3 ||   155
       Reflection        |       |       |     1 |       |     5 |     1 ||     7
